 Dungeon Crawl Stone Soup version 0.28.0 (webtiles) character file.

Game seed: 192211458096223071

197898 Hasart the Cleaver (level 17, -12/216 HPs)
             Began as a Demigod Fighter on Feb 17, 2022.
             Mangled by a vault warden (23 damage)
             ... on level 1 of the Vaults.
             The game lasted 01:41:44 (34297 turns).

Hasart the Cleaver (Demigod Fighter)               Turns: 34297, Time: 01:41:46

Health: -12/216    AC: 33    Str: 32    XL:     17   Next: 20%
Magic:  37/37      EV:  9    Int: 18    God:
Gold:   283        SH: 18    Dex: 12    Spells: 19/24 levels left

rFire   + + .      SeeInvis .   t - +3 broad axe (spect)
rCold   + . .      Faith    .   g - +2 tower shield
rNeg    . . .      Spirit   .   n - +9 plate armour of Midsummer {rElec rCorr Dex+2}
rPois   +          Reflect  .   r - +1 helmet
rElec   +          Harm     .   f - +0 cloak
rCorr   +          Rampage  .   b - +1 pair of gloves {Str+3}
Will    ++...                   i - +1 pair of boots of Minor Irritation {rPois rF++ MP+9 Dex-3}
Stlth   ..........              m - amulet of the Louse {Acrobat Regen+ rCorr Stlth+}
HPRegen 1.26/turn               A - ring of willpower
MPRegen 0.25/turn               V - ring of protection from cold

@: berserking, very quick
A: high MP 1, forlorn, divine attributes
}: 1/15 runes: decaying
a: no special abilities


You were on level 1 of the Vaults.
You visited 6 branches of the dungeon, and saw 32 of its levels.
You also visited: Ossuary and Ice Cave.

You collected 2605 gold pieces.
You spent 2322 gold pieces at shops.

Inventory:

Hand Weapons
 t - a +3 spectral broad axe (weapon)
 K - the +3 Elemental Staff {rElec rF++ rC++ AC+5}
   (You took it off a deep elf pyromancer on level 8 of the Dungeon)

   If the wielder is skilled in Evocations, they can discharge powerful blasts
   of elemental energy when striking with it.
   It enhances your fire, ice, earth and air magic.
   AC:        It affects your AC (+5).
   rF:        It greatly protects you from fire.
   rC:        It greatly protects you from cold.
   rElec:     It insulates you from electricity.
 L - a +4 war axe of flaming
Missiles
 e - a throwing net
 q - 13 boomerangs (quivered)
 y - 12 javelins
 D - 5 curare-tipped darts
Armour
 b - a +1 pair of gloves of strength (worn)
 f - a +0 cloak (worn)
 g - a +2 tower shield (worn)
 i - the +1 pair of boots of Minor Irritation (worn) {rPois rF++ MP+9 Dex-3}
   (You found it on level 3 of the Snake Pit)

   Dex:       It affects your dexterity (-3).
   rF:        It greatly protects you from fire.
   rPois:     It protects you from poison.
   MP:        It affects your magic capacity (+9).
 n - the +9 plate armour of Midsummer (worn) {rElec rCorr Dex+2}
   (You bought it in a shop on level 1 of the Snake Pit)

   Dex:       It affects your dexterity (+2).
   rElec:     It insulates you from electricity.
   rCorr:     It protects you from acid and corrosion.
 r - a +1 helmet (worn)
 M - a +0 troll leather armour
Jewellery
 j - the ring of Gonib {rPois rN+ Will- Dex+4}
   (You found it in an ice cave)

   [ring of positive energy]

   Dex:       It affects your dexterity (+4).
   rPois:     It protects you from poison.
   rN:        It protects you from negative energy.
   Will:      It decreases your willpower.
 m - the amulet of the Louse (around neck) {Acrobat Regen+ rCorr Stlth+}
   (You found it on level 2 of the Dungeon)

   [amulet of the acrobat]

   It increases your evasion while moving and waiting.
   Regen:     It increases your rate of health regeneration.
   rCorr:     It protects you from acid and corrosion.
   Stlth:     It makes you more stealthy.
 x - a ring of flight
 A - a ring of willpower (left hand)
 T - a ring of wizardry
 V - a ring of protection from cold (right hand)
 W - a +4 ring of protection
 X - a ring of protection from fire
Wands
 k - a wand of flame (24)
 v - a wand of iceblast (24)
 I - a wand of acid (4)
 O - a wand of mindburst (18)
 Q - a wand of paralysis (12)
 U - a wand of digging (2)
Scrolls
 a - 4 scrolls of fog
 c - a scroll of summoning
 l - 8 scrolls of magic mapping
 o - 13 scrolls of teleportation
 p - 2 scrolls of blinking
 B - 4 scrolls of fear
 P - 5 scrolls of amnesia
 S - 14 scrolls of identify
Potions
 d - 6 potions of might
 h - 11 potions of curing
 u - a potion of heal wounds
 w - 5 potions of cancellation
 z - 3 potions of mutation
 C - 9 potions of brilliance
 E - 6 potions of haste
 F - 5 potions of magic
 G - 3 potions of resistance
 H - 2 potions of ambrosia
 J - 3 potions of berserk rage
 N - 3 potions of invisibility
 Z - 2 potions of flight
Miscellaneous
 R - a box of beasts
 Y - a phial of floods


   Skills:
 + Level 11.0 Fighting
 + Level 12.5 Axes
 + Level 10.9 Staves
 - Level 10.0 Throwing
 + Level 11.1 Armour
 - Level 10.0 Dodging
 + Level 11.0 Shields
 + Level 4.4 Spellcasting
 + Level 4.9 Translocations
 + Level 3.2 Air Magic
 + Level 10.5 Evocations


You had 19 spell levels left.
You knew the following spells:

 Your Spells              Type           Power      Damage    Failure   Level
a - Blink                 Tloc           42%        N/A       67%         2
b - Swiftness             Air            15%        N/A       98%         3

Your spell library contained the following spells:

 Spells                   Type           Power      Damage    Failure   Level
 Apportation              Tloc           42%        N/A       54%         1
 Shock                    Conj/Air       36%        1d5       94%         1
 Corpse Rot               Necr/Air       18%        N/A       98%         2
 Poisonous Vapours        Pois/Air       18%        N/A       98%         2
 Animate Skeleton         Necr           8%         N/A       99%         1
 Pain                     Necr           16%        1d4       99%         1
 Summon Small Mammal      Summ           16%        N/A       99%         1
 Passwall                 Tmut/Erth      3%         N/A       100%        2
 Call Canine Familiar     Summ           4%         N/A       100%        3
 Conjure Flame            Conj/Fire      4%         6-21      100%        3
 Dazzling Flash           Conj/Hex       8%         N/A       100%        3
 Ignite Poison            Fire/Tmut/Pois 4%         N/A       100%        3
 Summon Guardian Golem    Hex/Summ       4%         N/A       100%        3
 Vampiric Draining        Necr           4%         2d6       100%        3
 Airstrike                Air            7%         N/A       100%        4
 Petrify                  Tmut/Erth      4%         N/A       100%        4
 Sticky Flame             Conj/Fire      4%         2d3       100%        4
 Summon Lightning Spire   Summ/Air       9%         N/A       100%        4
 Agony                    Necr           4%         N/A       100%        5
 Freezing Cloud           Conj/Ice/Air   3%         6-21      100%        5
 Lightning Bolt           Conj/Air       4%         1d16      100%        5
 Manifold Assault         Tloc           21%        N/A       100%        5
 Metabolic Englaciation   Hex/Ice        2%         N/A       100%        5
 Silence                  Hex/Air        4%         N/A       100%        5
 Statue Form              Tmut/Erth      2%         N/A       100%        6
 Storm Form               Tmut/Air       4%         N/A       100%        7
 Chain Lightning          Conj/Air       4%         3d6       100%        9


Dungeon Overview and Level Annotations

Branches:
Dungeon (15/15)            Temple (0/1) D:4            Lair (6/6) D:11
  Swamp (4/4) Lair:3        Snake (4/4) Lair:2        Slime (0/5) Lair:5
    Orc (2/2) D:12            Elf (0/3) Orc:2        Vaults (1/5) D:14
 Depths (0/4) D:15        Ossuary (visited)           IceCv (visited)

Shops:
Orc:2 :(*[   Snake:1 :[=:

Portals:
Trove: D:12 (give 2 scrolls of acquirement)

Annotations:
D:9 Psyche
D:12 3 runed translucent doors, Galthrax's ghost, journeyman MiFi
D:15 3 runed translucent doors, theswoord's ghost, journeyman DsGl
Lair:5 1 runed translucent door, altcumming's ghost, journeyman GrFi
Swamp:1 3 runed translucent doors, qborf's ghost, adept SpSu
Swamp:2 Mlioglotl
Swamp:3 Bai Suzhen
Swamp:4 2 transporters, Amet's ghost, journeyman MiBe
Snake:3 Mara; Vashnia
Snake:4 exclusion: upstairs, Asterion
Orc:2 1 runed translucent door, Aston's ghost, journeyman DrTm


Innate Abilities, Weirdness & Mutations

You have an increased reservoir of magic. (+10% MP)
You shall have no god before yourself.
Your divine heritage dramatically boosts your attributes as you level up.


Message History

The vault warden wields a +1 long sword of holy wrath.
It softly glows with a divine radiance!
You block the vault warden's attack.
The yaktaur hits you but does no damage.
You slice the vault warden!!
The vault warden is almost dead.
You barely miss the vault warden. You slash the ironbound preserver!
You hit the yaktaur. x2; You closely miss the vault warden.
Your +3 spectral broad axe closely misses the vault warden.
Your +3 spectral broad axe hits the ironbound preserver!
Your +3 spectral broad axe hits the yaktaur captain!
The yaktaur captain hits your +3 spectral broad axe!!
Your spectral weapon shares its damage with you!
Your +3 spectral broad axe fades away.
* * * LOW HITPOINT WARNING * * *
You block the vault warden's attack.
Something unseen opens the door.
A yaktaur comes into view.
The yaktaur hits you but does no damage.
The vault warden hits you but does no damage.
The ironbound preserver gestures wildly while chanting.
The ironbound preserver begins to accept its allies' injuries.
You slice the vault warden!!
The vault warden is almost dead.
You barely miss the vault warden. You slash the ironbound preserver!
You slash the yaktaur! x2; You slash the vault warden!
Your +3 spectral broad axe closely misses the vault warden.
Your +3 spectral broad axe hits the ironbound preserver!
Your +3 spectral broad axe barely misses the yaktaur captain.
You kill the ironbound preserver!
The vault warden activates a sealing rune.
A door slams shut!
The yaktaur hits you but does no damage.
The vault warden hits you with a +0 battleaxe!!
* * * LOW HITPOINT WARNING * * *
The vault warden hits your +3 spectral broad axe with a +0 battleaxe!!
Your spectral weapon shares its damage with you!
Your +3 spectral broad axe fades away.
* * * LOW HITPOINT WARNING * * *
Something unseen opens the door.
You block the yaktaur's attack.
The vault warden hits you with a +0 battleaxe!!
You die...

# ###.# #.
..#.###c######
###.#.#........#
#.#...#....c...#
###.#...#...cppc.# .
#(#.....#...pp@).#
cc#)#.....+....cc..#
ccp)O.O...#........#
########'##+##+#####
#..O.....#
#........#
#........#
#........#
#........#


You could see 3 vault wardens, a yaktaur captain (sheltered), an ironbound
frostheart (sheltered) and 5 yaktaurs.

Vanquished Creatures
  2 tentacled monstrosities (Swamp:4)
  Frances (Swamp:1)
  A nagaraja (Snake:3)
  A fenstrider witch (Swamp:4)
  Donald (Snake:3)
  3 orc warlords
  Louise (Swamp:2)
  Aizul (Swamp:4)
  2 ironbound preservers (Vaults:1)
  3 ironbound thunderhulks
  4 eleionomae
  3 bunyips
  Snorg (Lair:5)
  2 shambling mangroves (Swamp:4)
  A fire dragon (Swamp:4)
  Harold (D:9)
  4 boulder beetles
  A salamander tyrant (Snake:2)
  A vault guard (D:14)
  Erolcha (D:12)
  4 naga warriors
  A catoblepas (Lair:5)
  4 anacondas
  8 centaur warriors
  A ghost crab (Swamp:4)
  Erica (D:11)
  A spriggan air mage (Swamp:2)
  5 alligators
  A death knight (D:15)
  2 two-headed ogres (D:9)
  22 hydras
  A merfolk avatar (Lair:6)
  An orc high priest (Orc:2)
  4 naga sharpshooters
  2 tengu warriors (D:14)
  A spriggan berserker (Swamp:1)
  Urug (D:12)
  A shock serpent (Snake:1)
  Sonja (Lair:4)
  2 skeletal warriors
  5 salamander mystics
  9 spriggan druids
  4 goliath frogs
  A sea snake (Lair:6)
  A deep elf archer (D:14)
  A naga ritualist (Snake:1)
  A necromancer (IceCv)
  A bog body (Swamp:3)
  2 ironbound convokers (D:14)
  3 harpies
  2 phantasmal warriors (D:15)
  7 swamp dragons (Swamp:4)
  5 mana vipers
  4 orc knights
  6 orc sorcerers
  5 deep elf pyromancers
  2 deep elf zephyrmancers (D:14)
  5 ugly things
  12 salamanders
  4 cyclopes
  7 manticores
  6 will-o-the-wisps
  Joseph (D:8)
  7 naga magi
  15 elephants
  An ice statue (IceCv)
  A vault sentinel (D:14)
  2 gargoyles
  22 black mambas
  14 cane toads
  An unseen horror (D:12)
  4 kobold demonologists
  The ghost of GrimJard the Destroyer, a novice DrCj (D:5)
  3 orange demons (D:15)
  5 rime drakes
  8 freezing wraiths
  An efreet (D:8)
  3 yaktaurs
  An anaconda simulacrum (IceCv)
  12 ice devils
  2 tengu conjurers (D:15)
  13 komodo dragons
  The ghost of Jazqba the Ruffian, an amateur TrCK of Xom (D:4)
  6 trolls
  A meliai (shapeshifter) (D:15)
  2 entropy weaver simulacra (IceCv)
  2 polar bears
  11 tyrant leeches
  A bloated husk (Swamp:3)
  3 meliai (D:14)
  14 hornets
  A raiju (D:8)
  35 blink frogs
  22 slime creatures
  10 spriggans
  3 snapping turtles (Lair:6)
  The ghost of adperon the Skirmisher, an amateur VSFi (D:4)
  4 wyverns
  A dire elephant simulacrum (IceCv)
  3 wraiths
  A yak (shapeshifter) (D:14)
  30 yaks
  4 shadows
  Grum (D:9)
  2 steam dragons (D:8)
  3 fire elementals (D:8)
  5 death yak simulacra (IceCv)
  2 basilisks
  21 nagas
  10 vampire mosquitoes
  15 swamp worms
  A harpy simulacrum (IceCv)
  2 wargs (Orc:2)
  6 acid dragons
  16 water moccasins
  2 sky beasts
  8 swamp drakes (Swamp:4)
  31 orc warriors
  The ghost of Hyawatha the Chopper, an amateur HOMo of Sif Muna (D:4)
  8 black bears
  5 centaurs
  4 ogres
  A boggart (D:14)
  7 wolves
  A phantom (D:5)
  17 bullfrogs
  12 kobold brigands
  A gnoll sergeant (D:9)
  7 scorpions
  A two-headed ogre simulacrum (IceCv)
  6 cane toad simulacra (IceCv)
  A water moccasin skeleton (D:5)
  3 elephant simulacra (IceCv)
  12 killer bees
  4 wights (D:7)
  6 howler monkeys
  8 electric eels
  2 quasits (D:5)
  2 bullfrog zombies
  8 centaur zombies
  2 bullfrog skeletons (D:5)
  A human zombie (D:5)
  11 orc priests
  5 centaur skeletons
  3 hounds
  3 iguanas
  6 jellies
  16 orc wizards
  5 hell rats (Lair:5)
  4 polar bear simulacra (IceCv)
  A spriggan simulacrum (IceCv)
  2 wolf simulacra (IceCv)
  5 mummies (Ossuary)
  A hound skeleton (D:4)
  2 howler monkey zombies
  Robin (D:3)
  3 gnolls (D:9)
  5 adders
  14 white imps
  5 ufetubi
  2 worms
  4 dart slugs
  54 orcs
  7 ball pythons
  4 endoplasms
  2 giant cockroaches
  16 goblins
  13 hobgoblins
  6 jackals
  28 kobolds
  3 quokkas
  6 bats
  3 frilled lizards
  3 hobgoblin zombies
  4 rats
957 creatures vanquished.

Vanquished Creatures (collateral kills)
  Rupert (D:13)
  A spriggan (Swamp:1)
2 creatures vanquished.

Vanquished Creatures (others)
  An alligator (Swamp:4)
  A harpy (Vaults:1)
  A will-o-the-wisp (Swamp:3)
  A goblin (D:3)
  19 foxfires
  39 fungi
  50 plants
  4 withered plants (D:4)
116 creatures vanquished.

Grand Total: 1075 creatures vanquished

Notes
Turn   | Place    | Note
-------+----------+-------------------------------------------
     0 | D:1      | Hasart the Demigod Fighter began the quest for the Orb.
     0 | D:1      | Reached XP level 1. HP: 18/18 MP: 3/3
   127 | D:1      | Reached skill level 2 in Axes
   231 | D:1      | Reached XP level 2. HP: 25/25 MP: 4/4
   803 | D:1      | Reached XP level 3. HP: 30/30 MP: 5/5
   990 | D:1      | Reached skill level 1 in Dodging
  1502 | D:2      | Identified the amulet of the Louse {Acrobat Regen+ rCorr
                  | Stlth+}
  1969 | D:3      | Noticed Robin
  2008 | D:3      | Killed Robin
  2009 | D:3      | Reached XP level 4. HP: 33/37 MP: 6/6
  2426 | D:3      | Reached skill level 1 in Throwing
  2777 | D:4      | Reached skill level 3 in Axes
  2777 | D:4      | Reached XP level 5. HP: 45/45 MP: 7/7
  2999 | D:4      | Found a runed translucent gate.
  2999 | D:4      | Found a runed translucent gate.
  3000 | D:4      | Found a staircase to the Ecumenical Temple.
  3006 | D:4      | Reached skill level 1 in Evocations
  3007 | D:4      | Found a runed translucent gate.
  3030 | D:4      | Noticed Hyawatha's ghost (amateur HOMo)
  3030 | D:4      | Noticed adperon's ghost (amateur VSFi)
  3030 | D:4      | Noticed Jazqba's ghost (amateur TrCK)
  3333 | D:4      | Reached XP level 6. HP: 51/51 MP: 8/8
  3397 | D:5      | Entered Level 5 of the Dungeon
  3410 | D:5      | Noticed a water moccasin
  3431 | D:5      | Killed a water moccasin
  3496 | D:5      | Noticed GrimJard's ghost (novice DrCj)
  3505 | D:5      | Found a transporter.
  3521 | D:5      | Found a transporter.
  3554 | D:5      | Reached skill level 4 in Axes
  3584 | D:5      | Reached XP level 7. HP: 38/57 MP: 9/9
  3600 | D:5      | Found a sand-covered staircase.
  3650 | Ossuary  | Entered an ossuary
  4235 | D:5      | Reached XP level 8. HP: 61/66 MP: 10/10
  4371 | D:5      | Reached skill level 5 in Fighting
  4371 | D:5      | Reached skill level 7 in Axes
  4371 | D:5      | Reached skill level 5 in Armour
  4371 | D:5      | Reached skill level 5 in Shields
  4371 | D:5      | Reached XP level 9. HP: 75/75 MP: 11/11
  5346 | D:7      | Found a transporter.
  5409 | D:7      | Reached skill level 5 in Dodging
  5561 | D:7      | Found a transporter.
  6065 | D:8      | Noticed Joseph
  6076 | D:9      | Reached skill level 5 in Throwing
  6267 | D:9      | Noticed Harold
  6291 | D:9      | Killed Harold
  6292 | D:9      | Reached skill level 8 in Axes
  6292 | D:9      | Reached skill level 5 in Evocations
  6342 | D:9      | Noticed Grum
  6348 | D:9      | Killed Grum
  6356 | D:9      | Reached XP level 10. HP: 61/83 MP: 13/13
  6361 | D:9      | Noticed a two-headed ogre
  6368 | D:9      | Killed a two-headed ogre
  6605 | D:9      | Noticed Psyche
  6815 | D:10     | Entered Level 10 of the Dungeon
  6820 | D:10     | Noticed a two-headed ogre
  6834 | D:9      | Killed a two-headed ogre
  6943 | D:10     | Found the +18 Lear's hauberk
  7146 | D:10     | Noticed a deep elf pyromancer
  7155 | D:10     | Killed a deep elf pyromancer
  7761 | D:8      | Noticed a red ugly thing
  7769 | D:8      | Killed a red ugly thing
  7770 | D:8      | Reached skill level 9 in Axes
  7770 | D:8      | Reached XP level 11. HP: 89/91 MP: 14/14
  7771 | D:8      | Killed Joseph
  8017 | D:8      | Noticed a deep elf pyromancer
  8023 | D:8      | Killed a deep elf pyromancer
  8200 | D:8      | Reached skill level 1 in Staves
  8538 | D:11     | Found a staircase to the Lair.
  8615 | D:11     | Noticed Erica
  8625 | D:11     | Killed Erica
  9178 | Lair:1   | Entered Level 1 of the Lair of Beasts
  9446 | Lair:1   | Noticed a six-headed hydra
  9562 | D:11     | Killed a six-headed hydra
  9590 | Lair:1   | Reached XP level 12. HP: 92/100 MP: 15/15
 10107 | Lair:2   | Noticed a boulder beetle
 10117 | Lair:2   | Killed a boulder beetle
 10392 | Lair:2   | Found a staircase to the Snake Pit.
 10886 | Lair:3   | Noticed a four-headed hydra
 10906 | Lair:2   | Killed a four-headed hydra
 10927 | Lair:3   | Reached skill level 5 in Staves
 10958 | Lair:3   | Found a staircase to the Swamp.
 11191 | Lair:3   | Reached skill level 10 in Axes
 11692 | Lair:4   | Noticed a seven-headed hydra
 11703 | Lair:4   | Killed a seven-headed hydra
 11768 | Lair:4   | Noticed Sonja
 11775 | Lair:4   | Killed Sonja
 11875 | Lair:4   | Noticed a five-headed hydra
 11893 | Lair:4   | Killed a five-headed hydra
 11931 | Lair:4   | Reached XP level 13. HP: 107/107 MP: 16/16
 12848 | Lair:5   | Found a staircase to the Slime Pits.
 12967 | Lair:5   | Found a runed translucent door.
 12973 | Lair:5   | Noticed altcumming's ghost (journeyman GrFi)
 12993 | Lair:5   | Noticed Snorg
 13001 | Lair:5   | Killed Snorg
 13588 | Lair:6   | Entered Level 6 of the Lair of Beasts
 14056 | Lair:6   | Got the Almanac of the Wilderness
 15000 | D:12     | Reached XP level 14. HP: 108/116 MP: 17/17
 15101 | D:12     | Found a staircase to the Orcish Mines.
 15260 | D:12     | Found a runed translucent gate.
 15261 | D:12     | Found a runed translucent gate.
 15262 | D:12     | Found a runed translucent gate.
 15263 | D:12     | Noticed Galthrax's ghost (journeyman MiFi)
 15418 | D:12     | Noticed Erolcha
 15458 | D:12     | Killed Erolcha
 15632 | D:12     | Noticed Urug
 15640 | D:12     | Killed Urug
 15769 | D:12     | Found a portal to a secret trove of treasure.
 16196 | D:13     | Noticed Rupert
 16204 | D:13     | Killed Rupert
 16852 | Orc:1    | Entered Level 1 of the Orcish Mines
 16892 | Orc:1    | Reached skill level 11 in Axes
 16950 | Orc:2    | Entered Level 2 of the Orcish Mines
 17067 | Orc:2    | Noticed an orc warlord
 17084 | Orc:1    | Killed an orc warlord
 17142 | Orc:2    | Found a staircase to the Elven Halls.
 17233 | Orc:1    | Found a frozen archway.
 17243 | IceCv    | Entered an ice cave
 17529 | IceCv    | Identified the +7 arbalest of Armageddon {flame, Int+2}
 17884 | IceCv    | Identified the ring of Gonib {rPois rN+ Will- Dex+4}
 18296 | Orc:2    | Found a runed translucent door.
 18296 | Orc:2    | Noticed Aston's ghost (journeyman DrTm)
 18501 | Orc:2    | Found Yzarch's Antique Weapon Emporium.
 18508 | Orc:2    | Found Vowkatt's Antique Armour Emporium.
 18561 | Orc:2    | Noticed an orc warlord
 18649 | Orc:1    | Killed an orc warlord
 19074 | Orc:2    | Noticed an orc warlord
 19121 | Orc:2    | Killed an orc warlord
 19122 | Orc:2    | Reached XP level 15. HP: 66/125 MP: 18/18
 19293 | Orc:2    | Found Ymeeciaff's General Store.
 19330 | Orc:2    | Found Damihum's Book Emporium.
 19336 | Orc:2    | Bought an Inescapable Atlas for 374 gold pieces
 19413 | Orc:2    | Bought a pair of glowing gloves for 180 gold pieces
 19451 | Orc:2    | Bought the +4 scale mail "Ollau" {Will+ rCorr Str+5 Dex-4}
                  | for 620 gold pieces
 19737 | D:4      | Killed adperon's ghost
 19745 | D:4      | Killed Hyawatha's ghost
 19746 | D:4      | Killed Jazqba's ghost
 19877 | D:5      | Killed GrimJard's ghost
 21975 | D:14     | Found a gate to the Vaults.
 22044 | D:15     | Entered Level 15 of the Dungeon
 22064 | D:15     | Found a runed translucent gate.
 22064 | D:15     | Found a runed translucent gate.
 22064 | D:15     | Found a runed translucent gate.
 22065 | D:15     | Noticed theswoord's ghost (journeyman DsGl)
 22170 | D:14     | Learned a level 2 spell: Blink
 22426 | D:15     | Reached skill level 10 in Armour
 22522 | D:15     | Found a staircase to the Depths.
 22660 | D:15     | Reached skill level 10 in Fighting
 22756 | D:15     | Reached skill level 1 in Spellcasting
 22756 | D:15     | Reached skill level 1 in Translocations
 23500 | Snake:1  | Entered Level 1 of the Snake Pit
 24504 | Snake:1  | Reached skill level 10 in Shields
 24980 | Snake:1  | Reached skill level 10 in Staves
 25102 | Snake:1  | Found Eseeqydi's Book Shop.
 25102 | Snake:1  | Found Bautuhy's Book Boutique.
 25103 | Snake:1  | Found Mikhlepne's Jewellery Shop.
 25105 | Snake:1  | Found Sisetat's Antique Armour Boutique.
 26627 | Snake:3  | Noticed Donald
 26669 | Snake:3  | Killed Donald
 26854 | Snake:3  | Noticed a nagaraja
 26928 | Snake:3  | Killed a nagaraja
 26929 | Snake:3  | Reached XP level 16. HP: 134/134 MP: 23/23
 27714 | Snake:3  | Noticed Mara
 27716 | Snake:3  | Noticed Hasart's illusion
 27743 | Snake:4  | Entered Level 4 of the Snake Pit
 27806 | Snake:4  | Noticed Vashnia
 27962 | Snake:3  | Identified the +1 pair of boots of Minor Irritation {rPois
                  | rF++ MP+9 Dex-3}
 28120 | Swamp:1  | Entered Level 1 of the Swamp
 28890 | Snake:1  | Bought a faintly humming plate armour for 1148 gold pieces
 28890 | Snake:1  | Identified the +9 plate armour of Midsummer {rElec rCorr
                  | Dex+2} (You bought it in a shop on level 1 of the Snake
                  | Pit)
 29126 | Swamp:1  | Noticed Frances
 29145 | Swamp:1  | Killed Frances
 29146 | Swamp:1  | Reached skill level 12 in Axes
 29388 | Swamp:1  | Found a runed translucent gate.
 29388 | Swamp:1  | Found a runed translucent gate.
 29388 | Swamp:1  | Found a runed translucent gate.
 29393 | Swamp:1  | Noticed qborf's ghost (adept SpSu)
 29429 | Swamp:2  | Noticed Louise
 29437 | Swamp:2  | Killed Louise
 29438 | Swamp:2  | Reached skill level 10 in Dodging
 29600 | Swamp:2  | Got Zupic's Handbook of Flight and Venom
 29605 | Swamp:2  | Learned a level 3 spell: Swiftness
 29809 | Swamp:2  | Noticed Mlioglotl
 30055 | Snake:3  | Reached skill level 10 in Throwing
 30175 | Snake:3  | Reached skill level 10 in Evocations
 30579 | Snake:4  | Noticed Asterion
 30922 | Swamp:2  | Reached skill level 1 in Air Magic
 31461 | Swamp:3  | Noticed Bai Suzhen
 31709 | Swamp:4  | Entered Level 4 of the Swamp
 31976 | Swamp:4  | Noticed Amet's ghost (journeyman MiBe)
 31998 | Swamp:4  | Noticed a tentacled monstrosity
 32001 | Swamp:4  | Found a transporter.
 32006 | Swamp:4  | Killed a tentacled monstrosity
 32117 | Swamp:4  | Found a transporter.
 32944 | Swamp:4  | Got a decaying rune of Zot
 32967 | Swamp:4  | Noticed a tentacled monstrosity
 32979 | Swamp:4  | Killed a tentacled monstrosity
 33045 | Swamp:4  | Reached XP level 17. HP: 128/143 MP: 27/27
 33213 | Swamp:4  | Noticed Aizul
 33222 | Swamp:4  | Killed Aizul
 33273 | Swamp:4  | Paralysed by a fenstrider witch for 6 turns
 33282 | Swamp:4  | Paralysed by a fenstrider witch for 5 turns
 34066 | Vaults:1 | Entered Level 1 of the Vaults
 34297 | Vaults:1 | Mangled by a vault warden

Illustrated notes

Levels and vault maps discovered:
D:1:      minmay_arrival_checkered_box, layout_basic
D:2:      layout_loops_ring
D:3:      layout_basic, lemuel_tele_altar, vehumet_altar_wand_db,
          mainiacjoe_overflow_big_doors,
          shapermc_ecumenical_altar_mp_ritualfount, serial_rivers,
          chequers_serial_rivers_small_a, chequers_serial_rivers_small_b,
          chequers_serial_rivers_micro_e, chequers_serial_rivers_room_b,
          chequers_serial_rivers_small_3, chequers_serial_rivers_micro_c,
          guppyfry_early_orc_mine, uniq_robin
D:4:      layout_loops_ring, overflow_temple_1_default,
          minmay_temple_entry_large_hall, gammafunk_ghost_cemetery
D:5:      layout_rooms, gammafunk_ghost_stat_death, enter_ossuary_3,
          minmay_circle_x
D:6:      layout_cave_pods, general_overflow_altar
D:7:      gammafunk_cloud_chamber, layout_loops_ring, okawaru_gym_becter,
          sigmund_army
D:8:      layout_basic, minmay_misc_feat_enclosed, minmay_misc_feat_rugged,
          hex_large, dilly_guarded_unrand_elemental_staff, uniq_joseph
D:9:      layout_roguey, xom_shifter_show, minmay_fountain_box, uniq_psyche,
          uniq_harold, uniq_grum
D:10:     layout_irregular_city, nzn_wu_jian_council_hall,
          nicolae_overflow_squiral, kennysheep_decorative_pillar
D:11:     layout_irregular_city, due_lair_maze_entry_diamond, uniq_erica
D:12:     layout_loops_ring, orc_0_dummy, ebering_ghost_rock_garden,
          nicolae_trove_entry_crystal, nicolae_uskayaw_en_pointe, uniq_urug,
          uniq_erolcha
D:13:     layout_cave_pods, uniq_rupert
D:14:     layout_long_grid, hangedman_vaults_entry_quadrant_bands,
          serial_bayou_pond_b, kennysheep_generic_room_11
D:15:     hangedman_depths_entry_try_elsewhere_first, layout_loops_ring,
          maelrawn_ghost_gauntlet_escape, einodemon_barbed_minivault
Lair:1:   layout_chaotic_city, st_stairs_12, beast_lair_carwin_1
Lair:2:   layout_loops_ring, guppyfry_snake_entry_island
Lair:3:   layout_regular_city, swamp_mist_pool, lemuel_fruit_fields,
          lemuel_fruit_tree
Lair:4:   layout_cave_pods, disabler_island, infiniplex_staircase_pool,
          uniq_sonja
Lair:5:   layout_regular_city, slime_altar_1, ebering_ghost_xom, uniq_snorg
Lair:6:   gammafunk_lair_ancient_temple, layout_cave_pods
Swamp:1:  layout_basic_swamp, gammafunk_ghost_necromancy,
          lemuel_altar_in_water2, infiniplex_staircase_pool_2, uniq_frances
Swamp:2:  nicolae_swamp_long_stream, layout_basic_swamp,
          evilmike_swamp_ruin_house_6, swamp_pool1, nicolae_swamp_big_swirl,
          uniq_mlioglotl, uniq_louise
Swamp:3:  layout_basic_swamp, evilmike_swamp_ruin_house_2, uniq_bai_suzhen
Swamp:4:  swamp, layout_basic_swamp, gammafunk_ghost_berserking_beasts,
          swamp_pool4, nicolae_swamp_little_swirl, uniq_aizul
Snake:1:  layout_gridlike, grunt_megastairs_4, minmay_shoptagon
Snake:2:  layout_gridlike, st_stairs_13
Snake:3:  layout_layer_cave, st_stairs_14, uniq_mara, uniq_donald
Snake:4:  grunt_snake_rune_serpentine_throne, layout_layer_cave,
          nicolae_snake_gridmaze_big_u, uniq_asterion, uniq_vashnia
Orc:1:    layout_caves, portal_ice_cave_entry_imps
Orc:2:    grunt_orc_cross, layout_caves, ebering_ghost_inner_flame,
          minmay_orc_barracks
Vaults:1: hangedman_vaults_river_flow, nicolae_vaults_hallways_thing,
          ontoclasm_vaults_idyll, v_misc_26, ontoclasm_vaults_hangar,
          nicolae_vaults_network_star, hangedman_vaults_corner_blocks,
          ontoclasm_vaults_chip, v_misc_3, nicolae_vaults_border_crossing,
          v_alt_pattern_1, nicolae_vaults_asterisk, layout_vaults_omnibox

Skill      XL: |  1  2  3  4  5  6  7  8  9 10 11 12 13 14 15 16 17 |
---------------+----------------------------------------------------+-----
Axes           | 2 3 4 7 8 9 10 11 12 | 12.5
Dodging        | 1 2 3 4 5 6 7 8 9 10 | 10.0
Armour         | 3 4 5 6 7 8 9 10 11 | 11.1
Shields        | 3 4 5 6 7 8 9 10 11 | 11.0
Fighting       | 3 4 5 6 7 8 9 10 11 | 11.0
Throwing       | 1 2 4 5 6 7 8 9 10 | 10.0
Evocations     | 1 2 4 5 6 7 8 9 10 | 10.5
Staves         | 3 5 7 9 10 | 10.9
Spellcasting   | 2 4 |  4.4
Translocations | 2 4 |  4.9
Air Magic      | 2 3 |  3.2

Action                   |  1- 3 |  4- 6 |  7- 9 | 10-12 | 13-15 | 16-18 || total
-------------------------+-------+-------+-------+-------+-------+-------++-------
Melee: War axe           |   144 |    43 |       |       |    16 |    71 ||   274
       Broad axe         |       |    74 |   175 |   352 |  1118 |   488 ||  2207
       Staff             |       |       |       |    31 |    20 |       ||    51
Throw: Dart              |       |     3 |    10 |     8 |    43 |     4 ||    68
       Throwing net      |       |       |       |     1 |     2 |       ||     3
       Javelin           |       |       |       |     1 |       |       ||     1
       Boomerang         |       |       |       |       |    19 |    66 ||    85
Evoke: Wand              |       |       |       |    16 |     3 |     1 ||    20
       Box of beasts     |       |       |       |       |     1 |     1 ||     2
       Phial of floods   |       |       |       |       |     1 |     1 ||     2
  Use: Potion            |       |     1 |     1 |     1 |     3 |     3 ||     9
       Scroll            |       |       |    18 |     6 |     9 |     7 ||    40
 Stab: Distracted        |       |       |       |     8 |    21 |     9 ||    38
Armor: Scale mail        |    83 |    41 |    74 |    10 |   228 |    37 ||   473
       Chain mail        |       |       |       |   219 |   348 |       ||   567
       Plate armour      |       |       |       |       |       |   432 ||   432
Dodge: Dodged            |   105 |    89 |   140 |   253 |   769 |   342 ||  1698
Block: Buckler           |    38 |    36 |    66 |   103 |   344 |       ||   587
       Kite shield       |       |       |       |       |     7 |   143 ||   150
       Tower shield      |       |       |       |       |       |   410 ||   410
